Map: Romanticide LE

Players

firebat

  • Race: Terran Terran
  • League: Diamond

ViBE - Winner!

  • Race: Zerg Zerg
  • League: Master

VOD

Have the link to the VOD?

Description

Time

  • Played on: May 1, 2021, 8:52 p.m.
  • Length: 12:26
Show
View Real Time Build Order
Export as new Build Order

firebat Terran 

Build Orders: Reaper Expand 

Get SALT Encoding   

  12  0:00  SCV  
  13  0:12  SCV  
  14  0:17  Supply Depot  
  14  0:24  SCV  
  15  0:39  SCV  
  15  0:41  Barracks  
  16  0:45  Refinery  
  16  0:51  SCV  
  17  1:03  SCV  
  18  1:15  SCV  
  19  1:28  Reaper  
  19  1:29  Orbital Command  
  20  1:42  Command Center  
  20  1:53  Barracks  
  20  1:57  SCV  
  21  2:01  Barracks Reactor  
  21  2:08  Supply Depot  
  21  2:12  SCV  
  22  2:15  Refinery  
  22  2:24  SCV  
  23  2:30  Factory  
  23  2:36  SCV  
  24  2:41  Marine x2  
  26  2:46  Barracks Tech Lab  
  26  2:48  SCV  
  27  3:00  SCV  
  27  3:02  Marine x2  
  31  3:06  Orbital Command  
  31  3:12  Stimpack  
  30  3:13  SCV  
  31  3:23  Marine x3  
  31  3:25  SCV  
  35  3:28  Widow Mine  
  35  3:31  SCV  
  38  3:42  Starport  
  38  3:43  Marine x3  
  41  3:48  Supply Depot  
  41  3:50  SCV x2  
  43  3:57  Bunker  
  43  4:01  Factory Reactor  
  43  4:02  SCV x2  
  44  4:09  Marine  
  44  4:10  Marine x2  
  44  4:14  SCV x2  
  49  4:30  Marine x2  
  50  4:44  Marine  
  44  4:46  Hellion x2  
  44  4:48  Marine  
  44  4:52  Marine  
  39  5:02  Marine  
  39  5:04  Medivac  
  39  5:06  Marine  
  39  5:08  Combat Shield  
  39  5:10  Marine  
  39  5:12  SCV x2  
  40  5:20  Marine  
  41  5:23  Marine  
  41  5:24  SCV x2  
  44  5:29  Marine  
  45  5:36  SCV x2  
  45  5:38  Marine  
  45  5:40  Factory Tech Lab  
  45  5:41  Marine, Medivac x2  
  53  5:46  Supply Depot  
  53  5:55  Command Center  
  53  5:57  SCV  
  54  5:58  SCV  
  54  6:00  Marine x2  
  54  6:02  Marine  
  58  6:09  SCV  
  58  6:10  SCV  
  60  6:11  Siege Tank  
  63  6:24  Marine x3  
  66  6:42  Marine  
  66  6:43  SCV x2, Barracks x2  
  66  6:44  Barracks  
  69  6:53  Engineering Bay  
  69  6:55  SCV  
  70  7:07  SCV x2, Marine x3  
  73  7:10  Orbital Command  
  71  7:19  SCV  
  69  7:28  Marine x3  
  69  7:29  Medivac, Siege Tank  
  59  7:38  Barracks Reactor x2  
  59  7:39  Barracks Reactor  
  59  7:40  SCV x3  
  62  7:45  Marine  
  63  7:52  SCV  
  64  8:00  Engineering Bay  
  64  8:02  Refinery  
  64  8:04  Refinery  
  64  8:16  Marine  
  64  8:17  Marine x8  
  73  8:21  Orbital Command  
  73  8:28  Siege Tank  
  76  8:34  Marine  
  76  8:35  Marine x4  
  76  8:36  Marine x2, Supply Depot  
  76  8:37  Marine  
  76  8:38  Armory  
  84  8:46  SCV  
  85  8:51  Marine  
  85  8:52  SCV x2, Marine  
  89  8:57  Supply Depot  
  89  8:58  SCV, Terran Infantry Weapons Level 1, Terran Infantry Armor Level 1  
  90  9:05  Armory  
  90  9:07  Marine  
  91  9:12  Marine  
  91  9:15  SCV x2  
  91  9:16  SCV  
  95  9:37  Marine x9  
  104  9:39  SCV  
  104  9:40  SCV  
  106  9:48  Supply Depot  
  106  9:50  Supply Depot  
  106  9:51  Siege Tank  
  109  10:09  Marine x4, Medivac x2  
  109  10:11  Marine x5  
  109  10:12  Supply Depot  
  109  10:13  Supply Depot  
  122  10:14  SCV x3, Supply Depot  
  122  10:16  Supply Depot  
  125  10:34  SCV x2, Marine x9, Siege Tank  
  125  10:35  SCV  
  140  10:41  Barracks  
  140  10:43  Barracks  
  140  10:45  Barracks  
  140  10:46  SCV  
  140  10:47  SCV x2  
  143  10:56  Marine  
  144  10:57  Marine x8  
  144  10:58  SCV  
  153  11:14  Marine  
  153  11:15  Marine x3  
  153  11:16  Marine x3  
  153  11:17  Marine  
  157  11:25  Marine  
  157  11:28  Siege Tank  
  157  11:32  Marine x2  
  142  11:33  Marine x6  
  142  11:34  Marine x3  
  150  11:43  Marine  
  150  11:50  Marine x3, Medivac x2  
  150  11:54  Marine  
Show
View Real Time Build Order
Export as new Build Order

ViBE Zerg - Winner!

Build Orders: Hatch First 

Get SALT Encoding   

  12  0:00  Drone  
  13  0:13  Overlord  
  13  0:17  Drone  
  14  0:32  Drone x2  
  16  0:39  Drone  
  17  0:54  Drone  
  17  0:55  Hatchery  
  17  0:59  Drone  
  18  1:09  Extractor  
  17  1:14  Spawning Pool  
  17  1:16  Drone  
  17  1:20  Drone  
  18  1:29  Drone  
  19  1:42  Overlord  
  19  2:07  Queen x2  
  23  2:09  Drone  
  23  2:10  Zergling x4  
  23  2:12  Metabolic Boost  
  26  2:18  Drone x2  
  28  2:26  Drone  
  29  2:40  Drone x3  
  32  2:45  Drone  
  33  2:51  Roach Warren  
  32  3:03  Overlord  
  32  3:05  Overlord  
  32  3:06  Overlord  
  32  3:14  Overlord  
  32  3:31  Roach x8  
  48  3:38  Zergling x2  
  49  3:43  Zergling x2  
  51  3:48  Zergling x6  
  51  3:49  Zergling x6  
  56  3:57  Zergling x4  
  58  4:04  Hatchery  
  58  4:06  Queen  
  59  4:13  Overlord  
  59  4:23  Zergling x10  
  65  4:24  Zergling x2  
  57  4:43  Zergling x2  
  57  4:44  Zergling x10  
  47  5:06  Drone x4  
  43  5:16  Queen x2  
  44  5:24  Drone x2  
  44  5:25  Drone  
  46  5:33  Drone x9  
  55  5:40  Overlord  
  55  5:48  Queen  
  57  5:52  Overlord  
  57  5:58  Overlord  
  57  5:59  Overlord  
  57  6:00  Roach  
  57  6:01  Roach x5  
  69  6:15  Queen  
  71  6:20  Drone x9  
  80  6:33  Overlord x2  
  80  6:38  Lair  
  80  6:39  Extractor x2  
  78  6:44  Drone x8  
  86  6:51  Overlord  
  86  6:57  Zergling x6  
  86  6:58  Zergling x12  
  94  7:12  Zergling x6  
  81  7:27  Drone  
  81  7:28  Drone x9  
  80  7:39  Drone  
  80  7:40  Drone x2, Queen x3  
  88  7:50  Drone x5  
  92  7:52  Extractor  
  92  7:56  Evolution Chamber x2  
  92  7:57  Hatchery, Extractor, Hydralisk Den  
  86  7:58  Extractor  
  85  8:09  Hatchery, Drone  
  85  8:11  Drone x4  
  89  8:16  Zergling x2  
  90  8:20  Queen  
  92  8:31  Zerg Ground Armor Level 1, Zerg Melee Weapons Level 1  
  92  8:32  Grooved Spines  
  92  8:35  Zergling x24  
  104  8:43  Baneling Nest  
  103  8:49  Zergling x6  
  106  9:13  Drone x12  
  106  9:16  Queen  
  118  9:20  Hatchery  
  118  9:33  Drone x7  
  118  9:34  Hydralisk x4  
  118  9:37  Overlord  
  118  9:38  Overlord x5  
  133  9:39  Centrifical Hooks  
  133  9:43  Infestation Pit, Muscular Augments  
  132  9:47  Extractor, Queen  
  132  9:48  Extractor  
  132  9:58  Hatchery  
  131  10:02  Hydralisk x11  
  131  10:04  Hydralisk  
  155  10:09  Baneling x12  
  155  10:10  Baneling x2  
  155  10:11  Baneling x2  
  155  10:45  Zergling x18  
  155  10:46  Zergling x36  
  155  10:47  Overlord  
  155  10:48  Overlord x2  
  155  10:49  Hive  
  182  11:10  Baneling x13  
  182  11:11  Baneling x4  
  182  11:16  Zergling x32  
  179  11:57  Zergling x8  
  179  11:58  Zergling x34  
Tags
 
Add a new tag
Caveats
  • Supply blocks, unpowered buildings, or Contaminate may cause inaccurate times.
  • Supply counts are checked every 10 seconds.